 Dungeon Crawl Stone Soup version 0.27-a0-1565-gad902ab807 (webtiles) character file.

Game seed: 7308199135671719237

32 gruber the Digger (level 3, -3/21 HPs)
             Began as an Octopode Earth Elementalist on July 16, 2021.
             Slain by a gnoll (8 damage)
             ... on level 2 of the Dungeon.
             The game lasted 00:01:23 (1688 turns).

gruber the Digger (Octopode Earth Elementalist)     Turns: 1688, Time: 00:01:24

Health: -3/21      AC:  1    Str:  7    XL:     3   Next: 27%
Magic:  5/6        EV: 13    Int: 18    God:
Gold:   81         SH:  0    Dex: 12    Spells: 5/6 levels left

rFire    . . .     SeeInvis +   f - +0 rapier
rCold    . . .     Faith    .   (no shield)
rNeg     . . .     Spirit   .   (helmet restricted)
rPois    .         Reflect  .   (no amulet)
rElec    .         Harm     .   g - ring of see invisible
rCorr    .         Rampage  .   (no ring)
Will     .....                  (no ring)
Stlth    +++.......             (no ring)
HPRegen  0.07/turn              (no ring)
MPRegen  0.10/turn              (no ring)
                                (no ring)
                                (no ring)

@: no status effects
A: almost no armour, amphibious, 8 rings, camouflage 1, gelatinous body 1,
(nimble swimmer 1), tentacles
a: no special abilities


You were on level 2 of the Dungeon.
You visited 1 branch of the dungeon, and saw 2 of its levels.

You collected 81 gold pieces.

Inventory:

Hand Weapons
 f - a +0 rapier (weapon)
Missiles
 a - a throwing net
 b - 70 stones
Jewellery
 g - a ring of see invisible (left tentacle)
Scrolls
 c - a scroll of identify {unknown}
Potions
 d - a potion of invisibility {unknown}
 e - 3 potions of mutation {unknown}


   Skills:
 - Level 2.0 Dodging
 - Level 2.6 Stealth
 + Level 2.4 Spellcasting
 - Level 1.0 Transmutations
 + Level 3.9 Earth Magic


You had 5 spell levels left.
You knew the following spells:

 Your Spells              Type           Power      Damage    Failure   Level
a - Sandblast             Erth           32%        2d9       3%          1

Your spell library contained the following spells:

 Spells                   Type           Power      Damage    Failure   Level
 Passwall                 Tmut/Erth      9%         N/A       10%         2
 Stone Arrow              Conj/Erth      18%        3d8       22%         3
 Petrify                  Tmut/Erth      11%        N/A       52%         4


Dungeon Overview and Level Annotations

Branches:
Dungeon (2/15)

Altars:


Innate Abilities, Weirdness & Mutations

You cannot wear most types of armour.
You are amphibious.
You can wear up to eight rings at the same time.
Your skin changes colour to match your surroundings (Stealth+).
Your rubbery body absorbs attacks. (AC +1, EV +1)
((You are camouflaged near water. (Stealth+)))
You have tentacles for arms and can constrict up to eight enemies at once.


Message History

A dart slug is nearby!
You hit the dart slug.
The dart slug is almost dead.
You constrict the dart slug.
You kill the dart slug!
There is a shaft here.
e - 3 bubbling brown potions (gained 1)
You see here 22 bolts.
Found a robe.
Found 9 gold pieces and a scroll labelled RAWKUA DOZXEKU.
A gnoll comes into view. It is wielding a +0 halberd.
You see here 9 gold pieces.
A gnoll is nearby!
A gnoll comes into view. It is wielding a +0 club.
There are monsters nearby!
There are monsters nearby!
The helpless gnoll fails to defend itself.
You hit the gnoll. You grab the gnoll.
The gnoll is lightly wounded.
You constrict the gnoll. The gnoll barely misses you.
There are monsters nearby!
You hit the gnoll but do no damage.
The gnoll is lightly wounded.
You constrict the gnoll, but do no damage.
The gnoll hits you with a +0 halberd!
Ouch! That really hurt!
* * * LOW HITPOINT WARNING * * *
The gnoll closely misses you.
You are too injured to fight recklessly!
You are too injured to fight recklessly!
You are too injured to fight recklessly!
Casting: Sandblast (safe; 3% risk of failure)
Confirm with . or Enter, or press ? or * to list all spells.
Aiming: Sandblast (safe; 3% risk of failure)
Press: ? - help, Shift-Dir - straight line, f - gnoll
Aim: a gnoll, wielding a +0 halberd (lightly wounded, constricted by you, 100% to hit)
The blast of sand hits the gnoll.
The gnoll is moderately wounded.
You constrict the gnoll. The gnoll hits you with a +0 halberd!
You die...

#..## #.^.##
###.#..## #...##(.#
.. ###†#####.##....
.......$........#
..........###....#
#.........[# ...#
.......?..@## ..#
.#.........g.......#
#..............## #
.........g...#
.............#
#............#
........######
#........


You could see 2 gnolls.

Vanquished Creatures
  A dart slug (D:2)
  A bat (D:1)
  3 endoplasms
  2 giant cockroaches (D:2)
  3 jackals (D:1)
  3 kobolds
  5 ball pythons
  A frilled lizard (D:2)
  5 goblins
  3 rats
27 creatures vanquished.

Notes
Turn   | Place    | Note
-------+----------+-------------------------------------------
     0 | D:1      | gruber the Octopode Earth Elementalist began the quest for
                  | the Orb.
     0 | D:1      | Reached XP level 1. HP: 11/11 MP: 3/3
    91 | D:1      | Found a faded altar of an unknown god.
   470 | D:1      | Reached XP level 2. HP: 17/17 MP: 5/5
  1504 | D:2      | Reached XP level 3. HP: 21/21 MP: 6/6
  1688 | D:2      | Slain by a gnoll

Illustrated notes

Levels and vault maps discovered:
D:1:      dpeg_arrival_three_same_balls, layout_basic,
          shapermc_ecumenical_altar_mp_urbaneastern, serial_park_tiny_pond,
          minmay_tromino_v4_a
D:2:      layout_rooms, st_stairs_8, grunt_ministairs_13

Action                   || total
-------------------------++-------
Melee: Unarmed           ||    28
       Constrict         ||    14
       Tentacles         ||     5
       Rapier            ||    20
 Cast: Sandblast         ||     8
 Stab: Sleeping          ||     7
       Distracted        ||     1
Armor: Skin              ||     5
Dodge: Dodged            ||    29

Table legend: (Time is in decaauts)
 A = Elapsed time spent in this place.
 B = Non-inter-level travel time spent in this place.
 C = Inter-level travel time spent in this place.
 D = Time resting spent in this place.
 E = Time spent auto-exploring this place.
 F = Levels seen in this place.
 G = Mean time per level.
                   A        B        C        D        E       F      G
               +--------+--------+--------+--------+--------+-----+--------+
         Total |   1690 |   1666 |     24 |    127 |   1313 |   2 |  845.0 |
       Dungeon |   1690 |   1666 |     24 |    127 |   1313 |   2 |  845.0 |
               +--------+--------+--------+--------+--------+-----+--------+

Top non-repeatable levels by time:
     D:1: 1252 daAuts
     D:2: 438 daAuts
